 Dungeon Crawl Stone Soup version 0.25.1-2-g60ff931df9 (console) character file.

Game seed: 17786491504385584760

90 Colgate the Skirmisher (level 4, -2/44 HPs)
             Began as a Hill Orc Abyssal Knight on Aug 25, 2020.
             Was a Believer of Lugonu.
             Killed from afar by Sigmund (12 damage)
             ... with a puff of flame
             ... on level 2 of the Dungeon.
             The game lasted 00:17:37 (1787 turns).

Colgate the Skirmisher (Hill Orc Abyssal Knight)    Turns: 1787, Time: 00:17:38

Health: -2/44      AC:  4    Str: 15    XL:     4   Next: 56%
Magic:  5/5        EV: 11    Int: 12    God:    Lugonu [**....]
Gold:   144        SH:  0    Dex: 10    Spells: 3/3 levels left

rFire    . . .     SeeInvis .   a - +1 hand axe
rCold    . . .     Gourm    .   (no shield)
rNeg     + . .     Faith    .   t - +1 leather armour {rN+}
rPois    .         Spirit   .   (no helmet)
rElec    .         Reflect  .   (no cloak)
rCorr    +         Harm     .   (no gloves)
MR       .....                  (no boots)
Stlth    ..........             (no amulet)
HPRegen  0.14/turn              w - ring of resist corrosion
MPRegen  0.09/turn              (no ring)

@: confused, lightly drained
A: no striking features
a: Depart the Abyss, Bend Space, Renounce Religion


You were on level 2 of the Dungeon.
You worshipped Lugonu.
Lugonu was pleased with you.
You were not hungry.

You visited 1 branch of the dungeon, and saw 2 of its levels.
You visited the Abyss 1 time.

You collected 144 gold pieces.

Inventory:

Hand Weapons
 a - a +1 hand axe (weapon)
Missiles
 i - 36 arrows
 k - 22 stones (quivered)
 s - 15 sling bullets
Armour
 f - a +0 scale mail
 j - a +0 robe
 q - a +0 ring mail
 t - a +1 leather armour of positive energy (worn)
Jewellery
 w - a ring of resist corrosion (left hand)
Scrolls
 g - 2 scrolls of remove curse {unknown}
 h - a scroll of immolation {unknown}
 l - a scroll of enchant armour {unknown}
 o - a scroll of enchant weapon {unknown}
 r - 2 scrolls of identify {unknown}
 v - a scroll of fog {unknown}
Potions
 e - 4 potions of curing {unknown}
 m - a potion of flight {unknown}
 n - a potion of brilliance {unknown}
 p - a potion of heal wounds {unknown}
 u - a potion of mutation {unknown}
Comestibles
 c - 4 rations


   Skills:
 - Level 6.0(5.8) Fighting
 - Level 2.6(2.4) Axes
 + Level 0.9(0.7) Throwing
 - Level 2.1(1.9) Armour
 - Level 0.7(0.5) Dodging
 - Level 2.4(2.1) Invocations


You had 3 spell levels left.
You didn't know any spells.
Your spell library was empty.

Dungeon Overview and Level Annotations

Branches:
Dungeon (2/15)

Altars:

Annotations:
D:2 Jessica, Sigmund


Message History

Sigmund gestures at you while chanting. The magic dart hits you!
You feel sick.
You are no longer poisoned.
You're too confused to move!
You bump into the rock wall.
Sigmund barely misses you.
You see here a spear.
You bump into the rock wall.
Sigmund closely misses you.
You bump into the rock wall.
You feel less confused.
All of the chunks of flesh in your inventory have rotted away.
Sigmund points at you and mumbles some strange words.
You are confused.
You bump into the rock wall.
Sigmund hits you from afar with a +0 scythe.
* * * LOW HITPOINT WARNING * * *
Sigmund barely misses you. Sigmund casts a spell at you.
The puff of flame hits you!
You die...

.................## #.......)..
.###########......# ##..#.#.##.#
.# #..#.#.####.......##.# .#
#..#.#......#...####.# .####
#..#.#.####...#.# #.. ....#
#..#.#.# ##.##.# ### .##รท#
#..#.#.# #.##.# #### ^##.#
######..#.#.# #.##.# #... .##.#
#.. ....#.#.#####.##.# #.## .##.#
#.####.##.#.......##.# #.## .##.#
#.#.......@.########.# #.##
.##.###.#.##.##@##.........###.##
....)........##h##.#########.....
###.###.#.#####@##.# #.#... #.#
#....@h.)....# #.#### #.#
###.#####.#### #.# ..# #.# #.#
#.# ### #.# #.# ##.## #@# #.#
##...## #.# #.. ##.....## #h# ###
##........


You could see Sigmund, Jessica and a jackal.

Vanquished Creatures
  Terence (D:2)
  2 adders (D:2)
  An ooze (D:1)
  A worm (D:2)
  2 giant cockroaches
  9 goblins
  A hobgoblin (D:2)
  10 jackals
  6 bats
  A frilled lizard (D:1)
  5 kobolds
  A rat (D:1)
40 creatures vanquished.

Notes
Turn   | Place    | Note
-------+----------+-------------------------------------------
     0 | Abyss:1  | Colgate the Hill Orc Abyssal Knight began the quest for the
                  | Orb.
     0 | Abyss:1  | Reached XP level 1. HP: 19/19 MP: 2/2
    29 | D:1      | Escaped the Abyss
   244 | D:1      | Reached skill level 4 in Fighting
   384 | D:1      | Reached XP level 2. HP: 27/27 MP: 3/3
   655 | D:1      | Reached skill level 5 in Fighting
   655 | D:1      | Reached XP level 3. HP: 35/36 MP: 4/4
   659 | D:1      | Reached ** piety under Lugonu
  1276 | D:2      | Noticed Terence
  1291 | D:2      | Killed Terence
  1291 | D:2      | Reached XP level 4. HP: 26/44 MP: 5/5
  1550 | D:2      | Reached skill level 6 in Fighting
  1731 | D:2      | Noticed Jessica
  1734 | D:2      | Noticed Sigmund
  1787 | D:2      | Killed from afar by Sigmund

Illustrated notes

Levels and vault maps discovered:
D:1:      dpeg_arrival_rooms_with_view, layout_basic, st_stairs_6
D:2:      layout_loops_ring, uniq_sigmund, uniq_jessica, uniq_terence

Skill      XL: |  1  2  3  4 |
---------------+-------------+-----
Fighting       | 4 5 6 |  6.0
Axes           | |  2.6
Throwing       | |  0.9
Armour         | |  2.1
Dodging        | |  0.7
Invocations    | |  2.4

Action                   |  1- 3 |  4- 6 || total
-------------------------+-------+-------++-------
Melee: Hand axe          |    62 |    36 ||    98
Throw: Javelin           |    28 |    11 ||    39
       Stone             |    15 |     6 ||    21
  Eat: Chunk             |     1 |     2 ||     3
Armor: Leather armour    |     8 |    18 ||    26
       Ring mail         |    20 |       ||    20
Dodge: Dodged            |    41 |    29 ||    70
